 Dungeon Crawl Stone Soup version 0.31.0-32-g396128a36d (webtiles) character file.

Game seed: 9953656662525415234

70 nshep25 the Ruffian (level 4, -1/32 HPs)
             Began as a Demonspawn Shapeshifter on Mar 8, 2024.
             Slain by Grinder (3 damage)
             ... while paralysed by Grinder
             ... on level 3 of the Dungeon.
             The game lasted 00:02:58 (2204 turns).

nshep25 the Ruffian (Demonspawn Shapeshifter)       Turns: 2204, Time: 00:02:58

Health: -1/32      AC:  3    Str: 16    XL:     4   Next: 3%
Magic:  4/4        EV:  2    Int: 14    God:
Gold:   137        SH:  0    Dex: 13    Spells: 3/3 levels left

rFire   . .          .
                       - Unarmed
rCold   . . .        (no shield)
rNeg    . . .        a - +1 animal skin
rPois   .            (helmet currently unavailable)
rElec   .            (cloak currently unavailable)
rCorr   .            (gloves currently unavailable)
SInv    .            (boots currently unavailable)
Will    .....        (no amulet)
Stlth   ++           (no ring)
HPRegen 0.25/turn    (no ring)
MPRegen 0.09/turn

%: no passive effects
@: paralysed, beast-form
A: beast (slay +1), powered by death 1, big brain 2
a: Begin Untransformation


You were on level 3 of the Dungeon.
You were a hulking beast.
You visited 1 branch of the dungeon, and saw 3 of its levels.

You collected 137 gold pieces.

Inventory:

Missiles
 h - 4 poisoned darts (quivered)
Armour
 a - a +1 animal skin (worn)
Talismans
 c - a beast talisman
 d - a flux talisman
Scrolls
 g - a scroll of identify
Potions
 b - a potion of lignification
 e - a potion of heal wounds
 f - 3 potions of curing {unknown}
 i - a potion of haste {unknown}


   Skills:
 + Level 1.1 Fighting
 + Level 2.1 Dodging
 + Level 1.0 Stealth
 + Level 3.5 Unarmed Combat
 + Level 3.3 Shapeshifting


You had 3 spell levels left.
You didn't know any spells.
Your spell library was empty.

Dungeon Overview and Level Annotations

Branches:
Dungeon (3/15)

Altars:

Annotations:
D:3 Grinder


Innate Abilities, Weirdness & Mutations

You are a hulking beast.
Your limbs bulge with bestial killing power. (Slay +1)
You regenerate a little health from kills.
You have an extremely huge brain. (Int +4)


Message History

You hit the orc.
You kill the orc!
You have reached level 4!
You feel agile.
Your demonic ancestry asserts itself...
Your brain expands.
An orc comes into view. It is wielding a +0 whip.
Found a stone staircase leading down.
There is an open door here.
The orc shouts!
Found 16 gold pieces.
The orc closely misses you.
You punch the orc!
You kill the orc!
No target in view!
No target in view!
There is an open door here.
You now have 137 gold pieces (gained 16).
Grinder comes into view.
Grinder shouts!
A frilled lizard comes into view.
Grinder gestures at you. Pain shoots through your body! Grinder hits you!
You writhe in agony.
You see here 17 gold pieces.
You are too injured to fight recklessly!
You are too injured to fight recklessly!
You are too injured to fight recklessly!
You are too injured to fight recklessly!
You are too injured to fight recklessly!
You hit Grinder.
Grinder is lightly wounded.
Grinder hits you.
You hit Grinder but do no damage.
Grinder is lightly wounded.
Grinder gestures at you.
You suddenly lose the ability to move!
Grinder hits you!
* * * LOW HITPOINT WARNING * * *
You writhe in agony.
You die...
Grinder says, "Now the real fun starts!"

#########
#.##+#####
........#####....#
............'....#
.........####.).##
..............>.#
.#+#########.####
##.#+ #.#
......########.#
#.^.5h.......#
#.............#
#.............#
##'#..........#
#.#..........# .
#.......#### #
#.......#
#.#################
#.........


You could see Grinder.

Vanquished Creatures
  2 adders (D:2)
  2 dart slugs (D:1)
  4 orcs (D:3)
  6 ball pythons
  An endoplasm (D:2)
  A giant cockroach (D:1)
  6 goblins
  7 hobgoblins
  4 quokkas
  4 bats
  2 frilled lizards
  A rat (D:2)
40 creatures vanquished.

Notes
Turn   | Place    | Note
-------+----------+-------------------------------------------
     0 | D:1      | nshep25 the Demonspawn Shapeshifter began the quest for the
                  | Orb.
     0 | D:1      | Reached XP level 1. HP: 15/15 MP: 1/1
    63 | D:1      | Found a faded altar of an unknown god.
   170 | D:1      | Gained mutation: You have an unusually large brain. (Int
                  | +2) [demonic ancestry]
   170 | D:1      | Reached XP level 2. HP: 21/21 MP: 2/2
   940 | D:2      | Gained mutation: You regenerate a little health from kills.
                  | [demonic ancestry]
   940 | D:2      | Reached XP level 3. HP: 11/26 MP: 3/3
   948 | D:2      | HP: 1/26 [frozen (3)]
  1824 | D:3      | Reached skill level 1 in Stealth
  2101 | D:3      | Gained mutation: You have an extremely huge brain. (Int +4)
                  | [demonic ancestry]
  2101 | D:3      | Reached XP level 4. HP: 15/32 MP: 4/4
  2197 | D:3      | Noticed Grinder
  2203 | D:3      | Paralysed by Grinder for 5 turns
  2204 | D:3      | Slain by Grinder

Illustrated notes

Levels and vault maps discovered:
D:1:      evilmike_arrival_fibonacci_small, layout_basic,
          shapermc_ecumenical_altar_totnotflames
D:2:      layout_basic, corexii_shack
D:3:      layout_basic, mainiacjoe_overflow_swirl, grunt_ministairs_5,
          kennysheep_nub, minmay_pentomino_pile, uniq_grinder, uniq_robin

Skill      XL: |  1  2  3 |
---------------+----------+-----
Shapeshifting  | 3 |  3.3
Unarmed Combat | 3 |  3.5
Dodging        | 2 |  2.1
Stealth        | 1 |  1.0
Fighting       | |  1.1

Action                     |  1- 3 |  4- 6 || total
---------------------------+-------+-------++-------
  Melee: Unarmed           |   136 |     3 ||   139
         Punch             |     2 |       ||     2
    Use: Scroll            |     5 |       ||     5
   Stab: Sleeping          |     5 |       ||     5
 Armour: Animal skin       |    57 |     3 ||    60
  Dodge: Dodged            |    74 |     1 ||    75
